 Dungeon Crawl Stone Soup version 0.17-a0-622-g12d63cc (webtiles) character file.

30 Grackbuttocks69 the Conjurer (level 3, -1/24 HPs)
             Began as a Mummy Conjurer on Apr 16, 2015.
             Killed from afar by Natasha (12 damage)
             ... with a wand of flame
             ... on level 1 of the Dungeon.
             The game lasted 00:05:35 (1435 turns).

Grackbuttocks69 the Conjurer (Mummy Conjurer)       Turns: 1435, Time: 00:05:35

Health: -1/24      AC:  2    Str: 11    XL:     3   Next: 3%
Magic:  4/6        EV: 12    Int: 15    God:
Gold:   29         SH:  0    Dex: 12    Spells: 2 memorised, 3 levels left

rFire  x . .     SeeInvis .     b - +0 dagger
rCold  + . .     Clarity  .     a - +0 robe
rNeg   + + +     SustAb   .     (no shield)
rPois  ∞         Gourm    .     (no helmet)
rElec  .         Spirit   .     (no cloak)
rCorr  .         Warding  .     (no gloves)
rMut   .         Stasis   .     (no boots)
MR     .....                    (no amulet)
Stlth  ++........               (no ring)
                                (no ring)

@: not resistant to hostile enchantments, unstealthy
A: no food or potions, fire vulnerability, cold resistance 1, negative energy
resistance 3, torment resistance, unbreathing
a: no special abilities


You were on level 1 of the Dungeon.
You were not hungry.

You visited 1 branch of the dungeon, and saw 2 of its levels.

You collected 29 gold pieces.

Inventory:

Hand weapons
 b - a +0 dagger (weapon)
Missiles
 d - 12 poisoned needles
Armour
 a - a +0 robe (worn)
Scrolls
 e - a scroll of teleportation {unknown}
 f - a scroll of blinking {unknown}
Books
 c - a book of Conjurations

   Spells                             Type                      Level
   a - Magic Dart                     Conjuration                  1
   b - Searing Ray                    Conjuration                  2
   c - Dazzling Spray                 Conjuration/Hexes            3
   d - Fulminant Prism                Conjuration/Hexes            4
   e - Iskenderun's Mystic Blast      Conjuration                  4
   f - Iskenderun's Battlesphere      Conjuration/Charms           5


   Skills:
 - Level 1.5 Dodging
 - Level 1.5 Stealth
 - Level 2.0 Spellcasting
 + Level 4.1 Conjurations


You had 3 spell levels left.
You knew the following spells:

 Your Spells              Type           Power        Failure   Level  Hunger
a - Magic Dart            Conj           ##..         4%          1    N/A
b - Searing Ray           Conj           ##....       8%          2    N/A

Dungeon Overview and Level Annotations

Branches:
Dungeon (2/15)

Altars:

Annotations:
D:1 Natasha
D:2 Sigmund


Innate Abilities, Weirdness & Mutations

You do not eat or drink.
Your flesh is vulnerable to fire.
You are immune to poison.
Your flesh is cold resistant.
You are immune to negative energy.
You are immune to unholy pain and torment.
You can survive without breathing.


Message History

Natasha casts a spell.
A jackal comes into view.
Press: ? - help, v - describe, . - travel
Here: Natasha The floor.
The jackal barks!
Natasha claws you!
You hear a zap.
You hear a grinding noise.
The white imp hits you. The white imp freezes you. You resist.
You climb upwards.
There is a stone staircase leading down here.
Casting: Searing Ray
Confirm with . or Enter, or press ? or * to list all spells.
Aiming: Searing Ray
Press: ? - help, Shift-Dir - straight line, f - Natasha
Aim: Natasha The searing ray misses Natasha.
Natasha zaps a wand.
The puff of flame hits you! The fire burns you terribly!
Ouch! That really hurt!
You die...

############### ##
#.............# .#
###.###########.# .#
#.....# ####.#####
.###.###.######h@......#
.....# #...........###.#
..##.###.###.#..##.# #.#
................##.# #.#
....#..######...##.###.#
....#..######...##.....#
....#..............##..#
....#.#######...#####..#
.%..#.# #...###.#..#


You could see Natasha.

Vanquished Creatures
  A shadow imp (D:1)
  A giant gecko (D:1)
  A bat (D:1)
  A giant cockroach (D:1)
  A goblin (D:1)
  4 hobgoblins (D:1)
  3 jackals (D:1)
  A quokka (D:1)
  4 kobolds (D:1)
  3 rats (D:1)
20 creatures vanquished.

Notes
Turn   | Place    | Note
--------------------------------------------------------------
     0 | D:1      | Grackbuttocks69, the Mummy Conjurer, began the quest for the Orb.
     0 | D:1      | Reached XP level 1. HP: 13/13 MP: 3/3
   375 | D:1      | Reached XP level 2. HP: 19/19 MP: 3/5
   414 | D:1      | Learned a level 2 spell: Searing Ray
  1086 | D:1      | Reached skill level 4 in Conjurations
  1116 | D:2      | Noticed Sigmund
  1365 | D:1      | Reached XP level 3. HP: 24/24 MP: 1/6
  1431 | D:2      | Noticed Natasha
  1435 | D:1      | Killed from afar by Natasha

Action                   || total
-------------------------++-------
Melee: Dagger            ||    12
       Unarmed           ||     2
 Cast: Magic Dart        ||    31
       Searing Ray       ||     6
 Stab: Sleeping          ||     1
